 Dungeon Crawl Stone Soup version 0.21.1-1-g345015f (webtiles) character file.

8512 shakethe the Basher (level 11, 0/101 HPs)
             Began as a Troll Berserker on Feb 7, 2018.
             Was a High Priest of Trog.
             Succumbed to a killer bee's poison
             ... on level 9 of the Dungeon.
             The game lasted 00:45:29 (8848 turns).

shakethe the Basher (Troll Berserker)               Turns: 8848, Time: 00:45:29

Health: 0/101      AC:  8    Str: 27    XL:     11   Next: 10%
Magic:  10/10      EV: 11    Int:  7    God:    Trog [*****.]
Gold:   474        SH:  0    Dex: 12    Spells: 10/10 levels left

rFire    . . .     SeeInvis +   w - +0 flail
rCold    . . .     Gourm    +   (no shield)
rNeg     . . .     Faith    .   Q - +0 troll leather armour
rPois    .         Spirit   .   (helmet restricted)
rElec    .         Reflect  .   o - +0 cloak
rCorr    .         Harm     .   (gloves unavailable)
MR       ++...                  (boots unavailable)
Stlth    +.........             (no amulet)
HPRegen  2.06/turn              N - +4 ring of intelligence
MPRegen  0.12/turn              x - ring of see invisible

@: lethally poisoned (0 -> -2), berserk cooldown, regenerating, slowed, very
slow
A: large, unfitting armour, claws 3, fast metabolism 3, gourmand, regeneration
1, shaggy fur 1, tough skin 2
a: Berserk, Trog's Hand, Brothers in Arms, Burn Spellbooks, Renounce Religion


You were on level 9 of the Dungeon.
You worshipped Trog.
Trog was extremely pleased with you.
You were very full.

You visited 2 branches of the dungeon, and saw 11 of its levels.
You also visited: Ossuary.

You collected 474 gold pieces.

Inventory:

Hand Weapons
 a - a +0 mace
 m - a +0 morningstar
 v - a +0 giant club
 w - a +0 flail (weapon)
 D - a +0 giant spiked club
 M - a +1 trident of protection
Missiles
 L - 5 tomahawks (quivered)
Armour
 b - a +0 animal skin
 o - a +0 cloak (worn)
 Q - a +0 troll leather armour (worn)
Magical Staves
 y - an uncursed staff of wizardry {unknown}
Jewellery
 l - an uncursed ring of wizardry
 x - a ring of see invisible (right claw)
 N - a +4 ring of intelligence (left claw)
Wands
 r - a wand of acid (10)
 t - a wand of polymorph (16)
 K - a wand of iceblast (16)
Scrolls
 i - 9 scrolls of identify
 j - 7 scrolls of remove curse
 k - 5 scrolls of fear
 n - a scroll of immolation {unknown}
 p - 2 scrolls of magic mapping
 q - 7 scrolls of teleportation {unknown}
 u - 2 scrolls of amnesia {unknown}
 A - 2 scrolls of summoning {unknown}
 B - a scroll of vulnerability {unknown}
 I - a scroll of enchant weapon {unknown}
 O - a scroll of blinking {unknown}
Potions
 d - 5 potions of lignification {unknown}
 e - 2 potions of haste {unknown}
 f - a potion of flight {unknown}
 g - 2 potions of berserk rage {unknown}
 h - 7 potions of curing
 s - a potion of cancellation {unknown}
 z - 3 potions of agility {unknown}
 C - 2 potions of heal wounds {unknown}
 E - a potion of ambrosia {unknown}
 F - a potion of degeneration {unknown}
 G - 2 potions of might {unknown}
 H - 3 potions of mutation {unknown}
 J - a potion of invisibility {unknown}
Comestibles
 c - 21 rations


   Skills:
 + Level 4.9 Fighting
 - Level 14.0 Maces & Flails
 + Level 5.0 Dodging


You had 10 spell levels left.
You didn't know any spells.

Dungeon Overview and Level Annotations

Branches:
Dungeon (10/15)            Temple (1/1) D:5
   Lair: D:8-11         Orc: D:9-12

Altars:
Ashenzari
Cheibriados
Dithmenos
Elyvilon
Fedhas
Gozag
Hepliaklqana
Kikubaaqudgha
Makhleb
Nemelex Xobeh
Okawaru
Qazlal
Ru
Sif Muna
Trog
Uskayaw
Vehumet
Wu Jian
Xom
Yredelemnul
Zin
The Shining One

Annotations:
D:2 Terence


Innate Abilities, Weirdness & Mutations

You are too large for most types of armour.
You have claws for hands.
Your metabolism is lightning-fast.
You like to eat raw meat.
Your natural rate of healing is unusually fast.
You are covered in fur. (AC +1)
You have very tough skin. (AC +2)


Message History

The killer bee is almost dead.
You feel sick. The killer bee completely misses you.
The killer bee stings you but does no damage.
The killer bee barely misses you.
You sock the killer bee!
You kill the killer bee!
Trog accepts your kill.
Your Dodging skill increases to level 5!
You feel sick. The killer bee barely misses you. x2
The killer bee stings you.
* * * LOW HITPOINT WARNING * * *
You are no longer berserk.
You are exhausted.
You feel yourself slow down.
* * * LOW HITPOINT WARNING * * *
You feel sick.
As you read the scroll labeled ODUDOCRO TUTA, it crumbles to dust.
You assume a fearsome visage.
The killer bee looks frightened! x3
It was a scroll of fear.
You die...

....#......#..# #.#
###.#......'..# #.#
###.#......#..###.#
....########......#######
........................#
.............#..........#
#............#..........#
#............#...y......#
#............#..@y......######+##
#...<........#...y...............
#............#..........†.#.[....
..........................#......
.................................
...................####..........
.................... ...........
#################################


You could see 3 killer bees.

Vanquished Creatures
  4 two-headed ogres
  The ghost of Xelenos the Cleaver, a novice MiFi of Okawaru (D:9)
  A troll (D:9)
  Grinder (D:4)
  A wyvern (D:9)
  2 yaks (D:10)
  5 ice beasts
  A black bear (D:8)
  2 orc warriors (D:8)
  A sky beast (D:6)
  3 phantoms (D:8)
  A necrophage (D:10)
  5 ogres
  3 centaurs
  The ghost of Zorot the Skirmisher, an amateur VSFi (D:3)
  4 bullfrogs
  A wyvern zombie (D:3)
  A water moccasin skeleton (D:8)
  3 water moccasin zombies (Ossuary)
  2 scorpions
  3 killer bees (D:9)
  3 bullfrog zombies
  A centaur zombie (D:5)
  3 crimson imps
  A quasit (D:9)
  4 jellies
  4 orc priests (D:8)
  2 bullfrog skeletons
  Crazy Yiuf (D:2)
  3 hounds
  6 orc wizards
  A centaur skeleton (D:5)
  5 iguanas
  9 worker ants
  A killer bee zombie (D:5)
  A centaur simulacrum (D:10)
  4 big kobold zombies (Ossuary)
  2 hound skeletons
  A killer bee simulacrum (D:10)
  2 mummies (Ossuary)
  Robin (D:2)
  A worker ant zombie (D:10)
  14 adders
  17 gnolls
  A hound simulacrum (D:10)
  2 shadow imps
  2 oozes
  3 adder zombies (Ossuary)
  An adder skeleton (D:7)
  2 worms
  2 dart slugs
  8 leopard geckos
  17 orcs
  4 giant cockroaches
  4 hobgoblins
  A quokka (D:7)
  4 ball pythons
  5 bats
  8 frilled lizards
  2 gnoll zombies (Ossuary)
  22 goblins
  4 hobgoblin zombies (Ossuary)
  2 jackal zombies
  7 kobolds
  A kobold zombie (Ossuary)
  A leopard gecko skeleton (D:5)
  2 orc zombies (Ossuary)
  5 rats
243 creatures vanquished.

Vanquished Creatures (others)
  6 plants (D:6)
6 creatures vanquished.

Grand Total: 249 creatures vanquished

Notes
Turn   | Place    | Note
-------+----------+-------------------------------------------
     0 | D:1      | shakethe the Troll Berserker began the quest for the Orb.
     0 | D:1      | Reached XP level 1. HP: 22/22 MP: 0/0
    63 | D:1      | Reached skill level 3 in Maces & Flails
   137 | D:1      | Reached XP level 2. HP: 25/29 MP: 1/1
   178 | D:1      | You fall through a shaft!
   211 | D:2      | Reached XP level 3. HP: 32/36 MP: 2/2
   218 | D:2      | Reached skill level 4 in Maces & Flails
   430 | D:2      | Reached ** piety under Trog
   444 | D:2      | Found a basalt altar of Yredelemnul.
   467 | D:2      | Reached XP level 4. HP: 41/44 MP: 3/3
   473 | D:2      | Noticed Terence
   750 | D:2      | Noticed Robin
   777 | D:2      | Killed Robin
   855 | D:2      | Found a runed door.
   859 | D:2      | Noticed Crazy Yiuf
   863 | D:2      | Paralysed by Crazy Yiuf for 4 turns
   871 | D:2      | Killed Crazy Yiuf
   871 | D:2      | Reached skill level 5 in Maces & Flails
   950 | D:2      | Reached XP level 5. HP: 50/50 MP: 4/4
  1395 | D:3      | Noticed Zorot's ghost (amateur VSFi)
  1409 | D:3      | Killed Zorot's ghost
  1409 | D:3      | Reached skill level 6 in Maces & Flails
  1410 | D:3      | Reached XP level 6. HP: 49/59 MP: 5/5
  1815 | D:3      | Reached *** piety under Trog
  1873 | D:4      | Found a bloodstained altar of Trog.
  1883 | D:4      | Found an ancient bone altar of Kikubaaqudgha.
  2195 | D:4      | Noticed Grinder
  2210 | D:4      | Killed Grinder
  2210 | D:4      | Reached skill level 7 in Maces & Flails
  2210 | D:4      | Reached XP level 7. HP: 66/66 MP: 6/6
  2510 | D:4      | Found a radiant altar of Vehumet.
  2666 | D:5      | Entered Level 5 of the Dungeon
  2676 | D:5      | Reached skill level 8 in Maces & Flails
  3196 | D:5      | Found a staircase to the Ecumenical Temple.
  3201 | D:5      | Reached skill level 9 in Maces & Flails
  3201 | D:5      | Reached XP level 8. HP: 74/74 MP: 7/7
  3206 | Temple   | Entered the Ecumenical Temple
  4649 | D:6      | Reached skill level 10 in Maces & Flails
  4691 | D:6      | Reached **** piety under Trog
  5010 | D:6      | HP: 3/74 [ogre/giant spiked club (26)]
  5355 | D:7      | Found a shadowy altar of Dithmenos.
  5407 | D:7      | Found a sand-covered staircase.
  5428 | Ossuary  | Entered an ossuary
  5624 | Ossuary  | Reached skill level 11 in Maces & Flails
  5624 | Ossuary  | Reached XP level 9. HP: 67/80 MP: 8/8
  6358 | D:8      | Found a stormy altar of Qazlal.
  6362 | D:8      | Noticed a two-headed ogre
  6378 | D:8      | Killed a two-headed ogre
  6378 | D:8      | Reached skill level 12 in Maces & Flails
  6407 | D:8      | HP: 4/80 [worker ant (7)]
  6567 | D:8      | Reached ***** piety under Trog
  6970 | D:8      | Found a snail-covered altar of Cheibriados.
  7066 | D:8      | Reached skill level 13 in Maces & Flails
  7164 | D:8      | Reached XP level 10. HP: 76/88 MP: 9/9
  7255 | D:8      | Noticed a two-headed ogre
  7265 | D:8      | Killed a two-headed ogre
  7406 | D:8      | Noticed a two-headed ogre
  7413 | D:8      | Killed a two-headed ogre
  7413 | D:8      | Reached skill level 14 in Maces & Flails
  7829 | D:9      | Noticed Xelenos's ghost (novice MiFi)
  7874 | D:9      | Killed Xelenos's ghost
  7875 | D:9      | You fall through a shaft!
  7875 | D:10     | Entered Level 10 of the Dungeon
  8220 | D:10     | Noticed a two-headed ogre
  8238 | D:10     | Killed a two-headed ogre
  8238 | D:10     | Reached XP level 11. HP: 23/101 MP: 10/10
  8844 | D:9      | HP: 7/151 [killer bee (1)]
  8846 | D:9      | Reached skill level 5 in Dodging
  8846 | D:9      | HP: 2/151 [killer bee (3)]
  8848 | D:9      | Succumbed to a killer bee's poison

Skill      XL: |  1  2  3  4  5  6  7  8  9 10 11 |
---------------+----------------------------------+-----
Maces & Flails | 3 4 5 6 7 9 11 13 14 | 14.0
Fighting       | 4 |  4.9
Dodging        | 4 5 |  5.0

Action                   |  1- 3 |  4- 6 |  7- 9 | 10-12 || total
-------------------------+-------+-------+-------+-------++-------
Melee: Mace              |    80 |   187 |    85 |       ||   352
       Flail             |       |       |   493 |   229 ||   722
Invok: Berserk           |       |     4 |     9 |     6 ||    19
       Trog's Hand       |       |       |     1 |     3 ||     4
  Use: Scroll            |       |     4 |     1 |     1 ||     6
       Potion            |       |       |     1 |     1 ||     2
 Stab: Sleeping          |       |       |     3 |       ||     3
       Distracted        |       |       |     1 |       ||     1
  Eat: Chunk             |    10 |    16 |    59 |    21 ||   106
Armor: Animal skin       |    51 |    63 |   171 |    39 ||   324
       Troll leather arm |       |       |       |    23 ||    23
Dodge: Dodged            |    52 |    91 |   226 |   142 ||   511
